3208 views
Uploaded 2020-02-06 23:32:53
Game version 1.32 / 1.32.1
28:31 long 1on1 ladder game on (2)Dalaran
Saved by BEARAND
3208 views
Uploaded 2020-02-06 23:32:53
Game version 1.32 / 1.32.1
28:31 long 1on1 ladder game on (2)Dalaran

27 units @ 3k
/ 0.3k
106 buildings @ 6.1k
/ 3.4k



| Scroll of Regeneration | 2 | 200 |
| Staff of Sanctuary | 3 | 750 |
| Orb of Fire | 2 | 650 |
| Scroll of Town Portal | 2 | 700 |
| Boots of Speed | 3 | 750 |
| Staff of Teleportation | 3 | 450 |
| total: | 15 | 3500g |
| Peasant | 19 | 1425 | / | 0 |
| Priest | 1 | 135 | / | 10 |
| Dragonhawk Rider | 5 | 1000 | / | 150 |
| Goblin Zeppelin | 2 | 480 | / | 120 |
| total: | 27 | 3040g | / | 280w |
| Scout Tower | 88 | 2640 | / | 1760 |
| Arcane Tower | 4 | 280 | / | 200 |
| Guard Tower | 39 | 2730 | / | 1950 |
| Altar of Kings | 1 | 180 | / | 50 |
| Farm | 5 | 400 | / | 100 |
| Lumber Mill | 1 | 120 | / | 0 |
| Arcane Vault | 2 | 260 | / | 60 |
| Town Hall | 5 | 1925 | / | 1025 |
| Blacksmith | 1 | 140 | / | 60 |
| Barracks | 1 | 160 | / | 60 |
| Arcane Sanctum | 1 | 150 | / | 140 |
| Gryphon Aviary | 1 | 140 | / | 150 |
| Keep | 1 | 320 | / | 210 |
| Castle | 1 | 360 | / | 210 |
| total: | 106 | 6115g | / | 3405w |
| 0:01 | Peasant |
| 0:01 | Peasant |
| 0:06 | Altar of Kings |
| 0:13 | Peasant |
| 0:18 | Farm |
| 0:20 | Peasant |
| 0:29 | Peasant |
| 0:35 | Scout Tower |
| 0:38 | Farm |
| 0:39 | Peasant |
| 1:04 | Lumber Mill |
| 1:08 | Peasant |
| 1:19 | Peasant |
| 1:20 | Peasant |
| 1:33 | Scout Tower |
| 1:34 | Arcane Tower |
| 1:46 | Peasant |
| 1:51 | Peasant |
| 2:08 | Blizzard |
| 2:16 | Guard Tower |
| 2:17 | Scout Tower |
| 2:17 | Peasant |
| 2:17 | Peasant |
| 2:51 | Peasant |
| 2:51 | Peasant |
| 2:51 | Peasant |
| 2:53 | Guard Tower |
| 3:33 | Keep |
| 3:35 | Brilliance Aura |
| 4:00 | Arcane Vault |
| 4:04 | Farm |
| 4:04 | Farm |
| 4:09 | Scout Tower |
| 4:11 | Scout Tower |
| 4:12 | Scout Tower |
| 4:13 | Scout Tower |
| 4:13 | Scout Tower |
| 4:14 | Scout Tower |
| 4:23 | Improved Masonry |
| 4:32 | Boots of Speed |
| 4:46 | Guard Tower |
| 5:07 | Staff of Teleportation |
| 5:14 | Guard Tower |
| 5:46 | Guard Tower |
| 5:58 | Arcane Sanctum |
| 6:04 | Guard Tower |
| 6:43 | Guard Tower |
| 6:50 | Scroll of Regeneration |
| 6:54 | Storm Bolt |
| 6:57 | Guard Tower |
| 6:58 | Scout Tower |
| 6:58 | Scout Tower |
| 7:25 | Castle |
| 7:44 | Guard Tower |
| 7:45 | Advanced Masonry |
| 7:46 | Improved Lumber Harvesting |
| 7:59 | Guard Tower |
| 8:01 | Scout Tower |
| 8:01 | Scout Tower |
| 9:22 | Blizzard |
| 9:27 | Priest |
| 9:27 | Magic Sentry |
| 9:38 | Scout Tower |
| 9:38 | Scout Tower |
| 9:39 | Scout Tower |
| 9:39 | Guard Tower |
| 9:40 | Guard Tower |
| 9:47 | Scroll of Regeneration |
| 10:16 | Town Hall |
| 10:18 | Town Hall |
| 10:20 | Town Hall |
| 10:23 | Scout Tower |
| 10:24 | Scout Tower |
| 10:24 | Scout Tower |
| 10:24 | Scout Tower |
| 10:25 | Scout Tower |
| 10:26 | Scout Tower |
| 10:26 | Scout Tower |
| 10:27 | Scout Tower |
| 10:48 | Holy Light |
| 10:50 | Guard Tower |
| 11:02 | Guard Tower |
| 11:08 | Guard Tower |
| 11:12 | Imbued Masonry |
| 11:17 | Guard Tower |
| 11:29 | Guard Tower |
| 12:04 | Bash |
| 12:20 | Scout Tower |
| 12:21 | Scout Tower |
| 12:21 | Arcane Tower |
| 12:47 | Staff of Sanctuary |
| 12:59 | Guard Tower |
| 13:00 | Guard Tower |
| 13:01 | Scout Tower |
| 13:03 | Scout Tower |
| 13:04 | Scout Tower |
| 13:04 | Scout Tower |
| 13:08 | Advanced Lumber Harvesting |
| 13:28 | Peasant |
| 13:28 | Peasant |
| 13:28 | Peasant |
| 13:31 | Arcane Vault |
| 13:31 | Guard Tower |
| 13:43 | Staff of Teleportation |
| 13:51 | Scout Tower |
| 13:54 | Scout Tower |
| 14:17 | Orb of Fire |
| 14:24 | Arcane Tower |
| 14:29 | Boots of Speed |
| 14:40 | Boots of Speed |
| 14:51 | Goblin Zeppelin |
| 15:11 | Guard Tower |
| 15:17 | Staff of Sanctuary |
| 15:28 | Staff of Sanctuary |
| 15:47 | Scout Tower |
| 15:48 | Scout Tower |
| 15:49 | Scout Tower |
| 15:49 | Scout Tower |
| 15:50 | Scout Tower |
| 15:50 | Scout Tower |
| 15:51 | Scout Tower |
| 15:52 | Gryphon Aviary |
| 16:04 | Scroll of Town Portal |
| 16:27 | Guard Tower |
| 16:28 | Guard Tower |
| 16:40 | Dragonhawk Rider |
| 16:40 | Dragonhawk Rider |
| 16:42 | Farm |
| 16:46 | Blacksmith |
| 16:55 | Staff of Teleportation |
| 17:18 | Guard Tower |
| 17:19 | Guard Tower |
| 18:21 | Dragonhawk Rider |
| 18:28 | Barracks |
| 18:35 | Studded Leather Armor |
| 19:17 | Dragonhawk Rider |
| 19:19 | Cloud |
| 19:47 | Goblin Zeppelin |
| 19:55 | Animal War Training |
| 19:59 | Divine Shield |
| 20:15 | Town Hall |
| 20:42 | Reinforced Leather Armor |
| 21:01 | Scout Tower |
| 21:02 | Scout Tower |
| 21:02 | Scout Tower |
| 21:15 | Scout Tower |
| 21:16 | Scout Tower |
| 21:16 | Scout Tower |
| 21:17 | Scout Tower |
| 21:17 | Scout Tower |
| 21:18 | Scout Tower |
| 21:18 | Scout Tower |
| 21:19 | Scout Tower |
| 21:20 | Scout Tower |
| 21:20 | Scout Tower |
| 21:20 | Scout Tower |
| 21:23 | Scout Tower |
| 21:24 | Scout Tower |
| 21:24 | Scout Tower |
| 21:25 | Scout Tower |
| 21:25 | Scout Tower |
| 21:25 | Scout Tower |
| 21:26 | Scout Tower |
| 21:34 | Dragonhawk Rider |
| 21:48 | Guard Tower |
| 23:05 | Storm Bolt |
| 23:05 | Holy Light |
| 23:11 | Town Hall |
| 24:05 | Scout Tower |
| 24:06 | Scout Tower |
| 24:06 | Scout Tower |
| 24:07 | Scout Tower |
| 24:07 | Scout Tower |
| 24:08 | Scout Tower |
| 24:08 | Scout Tower |
| 24:09 | Scout Tower |
| 24:09 | Scout Tower |
| 24:10 | Scout Tower |
| 24:10 | Scout Tower |
| 24:11 | Scout Tower |
| 24:23 | Guard Tower |
| 24:40 | Scroll of Town Portal |
| 24:46 | Guard Tower |
| 25:03 | Guard Tower |
| 25:40 | Guard Tower |
| 25:44 | Dragonhide Armor |
| 25:44 | Iron Forged Swords |
| 25:58 | Arcane Tower |
| 26:17 | Orb of Fire |
| 26:24 | Guard Tower |
| 26:26 | Guard Tower |
| 27:22 | Storm Hammers |
| 27:24 | Guard Tower |
| 27:26 | Scout Tower |
| 27:26 | Scout Tower |
| 27:27 | Scout Tower |
| 27:27 | Scout Tower |
| 27:28 | Scout Tower |
| 27:29 | Scout Tower |
| 27:29 | Scout Tower |
| 27:30 | Scout Tower |
| 27:30 | Scout Tower |
| 27:30 | Scout Tower |
| 27:35 | Scout Tower |
| 27:35 | Scout Tower |
| 27:36 | Scout Tower |
| 27:36 | Scout Tower |
| 27:37 | Scout Tower |
| 27:37 | Scout Tower |
| 28:21 | Brilliance Aura |
| Right click | 2744 |
| Select | 791 |
| Select group | 528 |
| Chat | 165 |
| Build/train/purchase | 163 |
| Use ability | 118 |
| Misc. action | 27 |
| Assign group | 25 |
| Item give/drop | 14 |
51 units @ 9.2k
/ 1.5k
33 buildings @ 3.3k
/ 1.6k



| Scroll of Regeneration | 7 | 700 |
| Lesser Clarity Potion | 3 | 210 |
| Potion of Healing | 1 | 150 |
| Orb of Fire | 1 | 325 |
| Scroll of Healing | 1 | 250 |
| Boots of Speed | 1 | 250 |
| Potion of Lesser Invulnerability | 2 | 300 |
| Scroll of Protection | 1 | 150 |
| total: | 17 | 2335g |
| Peasant | 12 | 900 | / | 0 |
| Footman | 6 | 810 | / | 0 |
| Rifleman | 7 | 1435 | / | 210 |
| Sorceress | 2 | 310 | / | 40 |
| Dragonhawk Rider | 5 | 1000 | / | 150 |
| Gryphon Rider | 9 | 2520 | / | 630 |
| Siege Engine | 2 | 390 | / | 120 |
| Mortar Team | 1 | 180 | / | 70 |
| Goblin Sapper | 2 | 430 | / | 200 |
| Forest Troll Berserker | 1 | 245 | / | 30 |
| Mud Golem | 1 | 145 | / | 10 |
| Ogre Mauler | 2 | 600 | / | 0 |
| Forest Troll Shadow Priest | 1 | 195 | / | 10 |
| total: | 51 | 9160g | / | 1470w |
| Scout Tower | 7 | 210 | / | 140 |
| Arcane Tower | 4 | 280 | / | 200 |
| Guard Tower | 5 | 350 | / | 250 |
| Altar of Kings | 1 | 180 | / | 50 |
| Barracks | 2 | 320 | / | 120 |
| Farm | 14 | 1120 | / | 280 |
| Arcane Vault | 1 | 130 | / | 30 |
| Lumber Mill | 1 | 120 | / | 0 |
| Blacksmith | 1 | 140 | / | 60 |
| Town Hall | 1 | 385 | / | 205 |
| Arcane Sanctum | 1 | 150 | / | 140 |
| Workshop | 2 | 280 | / | 280 |
| Gryphon Aviary | 2 | 280 | / | 300 |
| Keep | 2 | 640 | / | 420 |
| Castle | 2 | 720 | / | 420 |
| total: | 33 | 3315g | / | 1605w |
| 0:03 | Peasant |
| 0:03 | Peasant |
| 0:08 | Altar of Kings |
| 0:15 | Barracks |
| 0:20 | Farm |
| 0:30 | Peasant |
| 0:37 | Farm |
| 0:50 | Peasant |
| 1:00 | Peasant |
| 1:08 | Peasant |
| 1:23 | Footman |
| 1:23 | Footman |
| 1:37 | Footman |
| 1:45 | Farm |
| 2:07 | Footman |
| 2:09 | Summon Water Elemental |
| 2:17 | Footman |
| 2:39 | Footman |
| 2:57 | Keep |
| 3:09 | Arcane Vault |
| 3:30 | Brilliance Aura |
| 3:41 | Lumber Mill |
| 3:45 | Farm |
| 4:17 | Blacksmith |
| 5:08 | Brilliance Aura |
| 5:25 | Improved Lumber Harvesting |
| 5:28 | Arcane Sanctum |
| 5:29 | Scroll of Regeneration |
| 5:32 | Lesser Clarity Potion |
| 5:53 | Workshop |
| 5:56 | Rifleman |
| 5:56 | Rifleman |
| 6:03 | Lesser Clarity Potion |
| 6:04 | Scroll of Regeneration |
| 6:19 | Storm Bolt |
| 6:23 | Potion of Healing |
| 6:35 | Sorceress |
| 6:35 | Sorceress |
| 6:53 | Boots of Speed |
| 7:23 | Long Rifles |
| 7:25 | Farm |
| 7:26 | Farm |
| 7:52 | Improved Masonry |
| 8:04 | Scout Tower |
| 8:05 | Scout Tower |
| 8:26 | Castle |
| 8:29 | Bash |
| 8:42 | Gryphon Aviary |
| 8:59 | Arcane Tower |
| 9:13 | Arcane Tower |
| 9:47 | Forest Troll Berserker |
| 9:47 | Mud Golem |
| 9:48 | Ogre Mauler |
| 9:48 | Ogre Mauler |
| 9:49 | Forest Troll Shadow Priest |
| 10:32 | Rifleman |
| 10:32 | Rifleman |
| 10:33 | Scroll of Regeneration |
| 10:42 | Scout Tower |
| 10:51 | Cloud |
| 10:52 | Dragonhawk Rider |
| 10:52 | Dragonhawk Rider |
| 10:55 | Summon Water Elemental |
| 10:55 | Summon Water Elemental |
| 11:00 | Storm Bolt |
| 11:19 | Goblin Sapper |
| 11:19 | Goblin Sapper |
| 12:56 | Town Hall |
| 13:12 | Gryphon Rider |
| 13:13 | Gryphon Rider |
| 13:15 | Farm |
| 13:33 | Scroll of Regeneration |
| 13:43 | Advanced Lumber Harvesting |
| 13:46 | Gryphon Aviary |
| 14:13 | Orb of Fire |
| 14:21 | Scroll of Regeneration |
| 14:57 | Gryphon Rider |
| 14:59 | Animal War Training |
| 15:01 | Farm |
| 15:25 | Storm Hammers |
| 15:36 | Potion of Lesser Invulnerability |
| 15:46 | Farm |
| 16:26 | Scout Tower |
| 16:27 | Guard Tower |
| 16:29 | Gryphon Rider |
| 16:29 | Gryphon Rider |
| 16:38 | Peasant |
| 16:38 | Peasant |
| 16:38 | Peasant |
| 16:55 | Guard Tower |
| 17:05 | Peasant |
| 17:08 | Farm |
| 17:08 | Farm |
| 17:08 | Farm |
| 17:56 | Scroll of Healing |
| 18:18 | Advanced Masonry |
| 18:21 | Iron Forged Swords |
| 18:21 | Studded Leather Armor |
| 18:59 | Scroll of Regeneration |
| 19:04 | Gryphon Rider |
| 19:04 | Gryphon Rider |
| 19:07 | Peasant |
| 19:07 | Peasant |
| 19:38 | Rifleman |
| 19:38 | Rifleman |
| 19:39 | Rifleman |
| 19:42 | Farm |
| 20:38 | Farm |
| 21:04 | Gryphon Rider |
| 21:04 | Gryphon Rider |
| 22:16 | Devotion Aura |
| 22:55 | Dragonhawk Rider |
| 22:55 | Dragonhawk Rider |
| 22:55 | Dragonhawk Rider |
| 23:14 | Barracks |
| 24:01 | Workshop |
| 25:12 | Barrage |
| 25:12 | Siege Engine |
| 25:13 | Siege Engine |
| 25:30 | Scout Tower |
| 25:42 | Lesser Clarity Potion |
| 25:48 | Scroll of Regeneration |
| 25:58 | Scout Tower |
| 26:08 | Guard Tower |
| 26:10 | Scout Tower |
| 26:35 | Potion of Lesser Invulnerability |
| 26:36 | Scroll of Protection |
| 26:40 | Guard Tower |
| 27:24 | Mortar Team |
| Right click | 1078 |
| Select | 535 |
| Chat | 267 |
| Build/train/purchase | 189 |
| Misc. action | 68 |
| Select group | 30 |
| Use ability | 26 |
| Item give/drop | 12 |
| Assign group | 8 |
| Esc | 8 |